 Dungeon Crawl Stone Soup version 0.30.0 (webtiles) character file.

Game seed: 13811551784795972639

3241 Minorbread the Conjurer (level 9, -6/74 HPs)
             Began as a Green Draconian Fire Elementalist on June 2, 2023.
             Was a Priest of Vehumet.
             Killed by the air
             ... invoked by Gastronok
              (35 damage)
             ... on level 8 of the Dungeon.
             The game lasted 00:27:25 (8354 turns).

Minorbread the Conjurer (DrFE)                      Turns: 8354, Time: 00:27:26

Health: -6/74      AC: 12    Str: 13    XL:     9   Next: 67%
Magic:  3/15       EV: 12    Int: 26    God:    Vehumet [***...]
Gold:   885        SH:  0    Dex: 11    Spells: 7/16 levels left

rFire   . . .        w - +2 dagger (venom)
rCold   . . .        (no shield)
rNeg    . . .        (body armour unavailable)
rPois   +            (helmet restricted)
rElec   .            (no cloak)
rCorr   .            (no gloves)
SInv    .            E - +0 pair of boots
Will    .....        (no amulet)
Stlth   ++           y - +4 ring of protection
HPRegen 0.32/turn    p - ring "Vestru Dodax" {Str+2 Int+6}
MPRegen 0.14/turn

%: no passive effects
@: short of breath, slowed, very slow
A: breathe noxious fumes, AC +7, unfitting armour, poison resistance,
cold-blooded
a: Breathe Noxious Fumes, Renounce Religion


You were on level 8 of the Dungeon.
You worshipped Vehumet.
Vehumet was most pleased with you.
You visited 1 branch of the dungeon, and saw 8 of its levels.
You also visited: Ossuary.

You collected 1020 gold pieces.
You spent 135 gold pieces at shops.

Inventory:

Hand Weapons
 w - a +2 dagger of venom (weapon)
Missiles
 D - 2 throwing nets
Armour
 E - a +0 pair of boots (worn)
Magical Staves
 o - a staff of death
Jewellery
 j - a +6 ring of strength
 p - the ring "Vestru Dodax" (right hand) {Str+2 Int+6}
   (You found it on level 2 of the Dungeon)

   [ring of intelligence]

   Str:       It affects your strength (+2).
   Int:       It affects your intelligence (+6).
 y - a +4 ring of protection (left hand)
 C - a ring of protection from fire
 F - a ring of resist corrosion
Wands
 s - a wand of polymorph (3)
 t - a wand of digging (7)
 B - a wand of mindburst (10)
Scrolls
 b - a scroll of enchant armour
 e - 3 scrolls of enchant weapon
 f - a scroll of acquirement
 g - a scroll of immolation
 i - 3 scrolls of vulnerability
 l - 4 scrolls of teleportation
 m - 4 scrolls of fog
 n - 3 scrolls of fear
 q - 2 scrolls of butterflies
 x - a scroll of blinking
 G - a scroll of amnesia
Potions
 a - a potion of magic
 c - 2 potions of invisibility
 d - 9 potions of heal wounds
 h - a potion of mutation {unknown}
 k - 7 potions of curing
 r - 2 potions of flight {unknown}
 u - 2 potions of might {unknown}
 v - a potion of cancellation {unknown}
 z - a potion of lignification {unknown}
 A - a potion of brilliance {unknown}


   Skills:
 - Level 5.0 Fighting
 - Level 3.0 Dodging
 - Level 1.7 Stealth
 - Level 4.0 Spellcasting
 + Level 7.9 Conjurations
 + Level 4.9 Translocations
 + Level 7.9 Fire Magic


You had 7 spell levels left.
You knew the following spells:

 Your Spells              Type           Power      Damage    Failure   Level
a - Apportation           Tloc           62%        N/A       1%          1
b - Scorch                Fire           92%        2d9       1%          2
c - Flame Wave            Conj/Fire      46%        2d12      1%          4
d - Blink                 Tloc           62%        N/A       1%          2

Your spell library contained the following spells:

 Spells                   Type           Power      Damage    Failure   Level
 Frozen Ramparts          Ice            10%        1d2       7%          3
 Foxfire                  Conj/Fire      100%       2x1d9     1%          1
 Magic Dart               Conj           100%       1d8       1%          1
 Shock                    Conj/Air       100%       1d9       1%          1
 Searing Ray              Conj           92%        2d7       1%          2
 Static Discharge         Conj/Air       50%        2-5/arc   1%          2
 Inner Flame              Hex/Fire       25%        N/A       1%          3
 Volatile Blastmotes      Fire/Tloc      76%        2d16      1%          3
 Poisonous Vapours        Pois/Air       10%        N/A       3%          2
 Gell's Gravitas          Tloc           31%        N/A       3%          3
 Teleport Other           Tloc           31%        N/A       3%          3
 Fulminant Prism          Conj/Hex       12%        3d8       4%          4
 Sting                    Tmut/Pois      20%        1d4       9%          1
 Vhi's Electric Charge    Tloc/Air       36%        N/A       10%         3
 Manifold Assault         Tloc           31%        N/A       11%         4
 Arcjolt                  Conj/Air       12%        1d22      13%         5
 Airstrike                Air            2%         2d(1-17)  21%         4
 Olgreb's Toxic Radiance  Pois           5%         N/A       21%         4
 Swiftness                Air            5%         N/A       26%         3
 Summon Ice Beast         Ice/Summ       5%         N/A       63%         4
 Summon Lightning Spire   Summ/Air       5%         N/A       63%         4
 Dispersal                Tloc           15%        N/A       86%         6
 Alistair's Intoxication  Tmut/Pois      3%         N/A       93%         5
 Borgnjor's Vile Clutch   Necr/Erth      2%         N/A       93%         5
 Summon Mana Viper        Hex/Summ       5%         N/A       93%         5
 Eringya's Noxious Bog    Tmut/Pois      2%         N/A       95%         6
 Malign Gateway           Summ/Tloc      9%         N/A       100%        7
 Monstrous Menagerie      Summ           2%         N/A       100%        7
 Storm Form               Tmut/Air       2%         N/A       100%        7
 Maxwell's Capacitive Co  Air            2%         ∞         100%        8
 Summon Horrible Things   Summ           2%         N/A       100%        8


Dungeon Overview and Level Annotations

Branches:
Dungeon (8/15)             Temple (0/1) D:7         Ossuary (visited)
   Lair: D:8-11

Altars:
Elyvilon
Gozag
Kikubaaqudgha
Nemelex Xobeh
Okawaru
Vehumet
Wu Jian
Xom
Zin
The Shining One

Shops:
D:3 *   D:4 ?!=*   D:8 **

Annotations:
D:2 Sigmund
D:4 1 runed translucent door, Crazy Yiuf, Menkaure
D:8 Gastronok


Innate Abilities, Weirdness & Mutations

You can breathe blasts of noxious fumes.
Your lurid green scales are hard. (AC +7)
You cannot fit into any form of body armour.
Your system is resistant to poisons. (rPois)
You are cold-blooded and may be slowed by cold attacks.


Message History

Gastronok is lightly wounded.
Gastronok is engulfed in noxious fumes.
Gastronok's eyestalks quiver as he mumbles some strange words.
Gastronok puts on a burst of speed!
Casting: Scorch (safe; 1% risk of failure)
Press: ? - help, Q - select action, (/) - cycle Dir - look around, f - activate Flames lash Gastronok.
Gastronok is burned terribly!
Gastronok is lightly wounded.
Casting: Scorch (safe; 1% risk of failure)
Press: ? - help, Q - select action, (/) - cycle Dir - look around, f - activate Flames lash Gastronok.
Gastronok is burned terribly!
Gastronok is moderately wounded.
Gastronok is engulfed in noxious fumes.
Casting: Scorch (safe; 1% risk of failure)
Press: ? - help, Q - select action, (/) - cycle Dir - look around, f - activate Flames lash Gastronok.
Gastronok is burned terribly!
Gastronok is moderately wounded.
Casting: Scorch (safe; 1% risk of failure)
Press: ? - help, Q - select action, (/) - cycle Dir - look around, f - activate Flames lash Gastronok.
Gastronok is burned terribly!
Gastronok is moderately wounded.
Gastronok looks at you and mumbles some strange words.
You feel yourself slow down.
Casting: Scorch (safe; 1% risk of failure)
Press: ? - help, Q - select action, (/) - cycle Dir - look around, f - activate Flames lash Gastronok.
Gastronok is burned terribly!
Gastronok is heavily wounded.
Gastronok bites you!!
Okay, then.
Things that are here:
4 poisoned darts; a +0 whip; a kobold corpse Gastronok completely misses you.
Gastronok attacks as you move away! Gastronok bites you!!
Gastronok makes a strange noise.
You enter the shallow water.
Moving in this stuff is going to be slow.
Gastronok attacks as you move away! Gastronok closely misses you.
Gastronok waves his eye-stalks in wide circles.
The air twists around and strikes you!!
You die...

#≈≈≈..# #...#.# ### ##.~~..#
#...#.# ... #######...~~##
#...#.##.## ####.........~~#
#...#...... ....
##<.....≈######...#......
.>...##.......~................
.............≈≈................
.....##.......≈~w...(..........
.....###.....<@≈###(#...#..##..
####..........#~# #............
############...######.#...#.#####
......# ##.## ##.#.#...#.#
#####.#######.# #...÷....#.#####
# #.........# ##.#.......#.... #
########### #.#.#####.#.#.. #
#.#.......#.#.# # #.###..........


You could see Gastronok (swift, combustible).

Vanquished Creatures
  Pikel (D:5)
  Grum (D:8)
  2 steam dragons (D:6)
  Edmund (D:5)
  2 ice beasts (D:5)
  A black bear (D:5)
  3 ogres
  2 wolves (D:8)
  2 phantoms (D:5)
  A kobold brigand (D:8)
  2 lemures (D:5)
  2 bullfrogs
  A gnoll sergeant (D:6)
  2 scorpions
  A howler monkey (D:6)
  A hound (D:6)
  7 orc priests
  A jelly (D:5)
  6 iguanas
  A sleepcap (D:5)
  Natasha (thrice) (D:3)
  4 orc wizards
  8 mummies (Ossuary)
  Robin (D:4)
  11 gnolls
  4 adders
  A shadow imp (D:5)
  A white imp (D:8)
  2 ufetubi (D:5)
  2 worms
  23 orcs
  13 ball pythons
  3 endoplasms (D:1)
  2 giant cockroaches
  A gnoll zombie (Ossuary)
  18 goblins
  6 hobgoblins
  4 jackals (D:4)
  3 quokkas
  3 bats
  3 frilled lizards
  2 hobgoblin zombies (Ossuary)
  13 kobolds
  4 kobold zombies (Ossuary)
  An orc zombie (Ossuary)
  5 rats (D:1)
  A butterfly (D:6)
182 creatures vanquished.

Notes
Turn   | Place    | Note
-------+----------+-------------------------------------------
     0 | D:1      | Minorbread the Draconian Fire Elementalist began the quest
                  | for the Orb.
     0 | D:1      | Reached XP level 1. HP: 14/14 MP: 3/3
   207 | D:1      | Reached XP level 2. HP: 20/20 MP: 5/5
   213 | D:1      | Learned a level 2 spell: Scorch
   492 | D:1      | Reached XP level 3. HP: 26/26 MP: 7/7
   877 | D:2      | Noticed Sigmund
  1188 | D:2      | Reached XP level 4. HP: 33/33 MP: 10/10
  1459 | D:2      | Identified the ring "Vestru Dodax" {Str+2 Int+6}
  1633 | D:3      | Found Zin's Purification Station.
  1634 | D:3      | Found a glowing silver altar of Zin.
  1652 | D:3      | Noticed Natasha
  1664 | D:3      | Killed Natasha
  1820 | D:3      | Noticed Ijyb
  1875 | D:3      | Noticed Natasha
  1880 | D:3      | Killed Natasha
  1988 | D:3      | Noticed Terence
  1991 | D:3      | Terence changed into Terence the gnoll
  1991 | D:3      | Noticed Terence
  1996 | D:3      | Killed Terence the gnoll
  1997 | D:3      | Reached XP level 5. HP: 38/38 MP: 2/11
  2135 | D:3      | Ijyb changed into Ijyb the iguana
  2135 | D:3      | Noticed Ijyb
  2142 | D:3      | Killed Ijyb the iguana
  2215 | D:3      | Found a glowing golden altar of the Shining One.
  2261 | D:3      | Found a radiant altar of Vehumet.
  2266 | D:3      | Became a worshipper of Vehumet
  2290 | D:3      | Noticed Natasha
  2294 | D:3      | Killed Natasha
  2390 | D:4      | Found an ancient bone altar of Kikubaaqudgha.
  2448 | D:4      | Found Futac's General Store.
  2480 | D:4      | Reached XP level 6. HP: 8/45 MP: 2/12
  2509 | D:4      | Noticed Robin
  2511 | D:4      | Killed Robin
  2618 | D:4      | Learned a level 4 spell: Flame Wave
  2647 | D:4      | Found an opulent altar of Gozag.
  2648 | D:4      | Found a sparkling altar of Nemelex Xobeh.
  2865 | D:4      | Found a runed translucent door.
  2866 | D:4      | Noticed Crazy Yiuf
  2904 | D:4      | Found Funoghig's Jewellery Emporium.
  2956 | D:4      | Noticed Menkaure
  3010 | D:4      | Found Giahin's Magic Scroll Emporium.
  3026 | D:4      | Reached * piety under Vehumet
  3026 | D:4      | Offered knowledge of Freeze by Vehumet.
  3080 | D:4      | Bought a scroll of blinking for 75 gold pieces
  3090 | D:4      | Found Tilihose's Distillery.
  3651 | D:5      | Entered Level 5 of the Dungeon
  3712 | D:4      | Bought a scroll of identify for 20 gold pieces
  3712 | D:4      | Bought a scroll of identify for 20 gold pieces
  3712 | D:4      | Bought a scroll of identify for 20 gold pieces
  3827 | D:5      | Found a sand-covered staircase.
  3835 | Ossuary  | Entered an ossuary
  3890 | Ossuary  | Reached skill level 5 in Fire Magic
  4196 | D:5      | Reached ** piety under Vehumet
  4200 | D:5      | Offered knowledge of Static Discharge by Vehumet.
  4201 | D:5      | Your scales start taking on a lurid green colour.
  4201 | D:5      | Reached XP level 7. HP: 50/50 MP: 13/13
  4201 | D:5      | Gained mutation: Your system is resistant to poisons.
                  | (rPois) [Green Draconian growth]
  4529 | D:5      | Noticed Pikel
  4540 | D:5      | Killed Pikel
  4541 | D:5      | Reached XP level 8. HP: 45/61 MP: 9/14
  4729 | D:5      | Learned a level 1 spell: Apportation
  4732 | D:5      | Learned a level 2 spell: Blink
  4745 | D:5      | Noticed Edmund
  4764 | D:5      | Killed Edmund
  4765 | D:5      | Reached skill level 1 in Translocations
  5947 | D:5      | Reached XP level 9. HP: 67/73 MP: 6/15
  6075 | D:6      | Found a shimmering altar of Xom.
  6086 | D:6      | Offered knowledge of Frozen Ramparts by Vehumet.
  6087 | D:6      | Reached skill level 5 in Fighting
  6775 | D:7      | Identified a scroll of acquirement
  7142 | D:7      | Found a white marble altar of Elyvilon.
  7190 | D:7      | Found an iron altar of Okawaru.
  7193 | D:7      | Found an ornate altar of the Wu Jian Council.
  7247 | D:7      | Reached *** piety under Vehumet
  7370 | D:7      | Found a staircase to the Ecumenical Temple.
  7617 | D:8      | Found Huuts's Specific Store.
  7714 | D:8      | Found Udyege's General Store.
  7749 | D:8      | Noticed Grum
  7929 | D:8      | Killed Grum
  8161 | D:8      | Noticed Gastronok
  8354 | D:8      | Killed from afar by Gastronok

Illustrated notes

Levels and vault maps discovered:
D:1:      dpeg_arrival_rooms_with_view, layout_loops_ring,
          minmay_shallow_snake_nest
D:2:      layout_loops_ring, uniq_sigmund
D:3:      layout_rooms, zin_purify, mainiacjoe_overflow_divided_tiny, uniq_ijyb,
          uniq_terence, uniq_natasha
D:4:      layout_loops_cross, grunt_temple_overflow_opulence,
          mainiacjoe_overflow_tiny_flanked, serial_shops, shop, shop,
          nicolae_shop_peninsula, nicolae_shop_waterfront, nrook_mini_vaults,
          nrook_mini_backslash, uniq_robin, uniq_menkaure,
          uniq_crazy_yiuf_cottage
D:5:      minmay_polygon_palace, layout_basic,
          lightli_ossuary_entry_decrepit_ruins, uniq_pikel, uniq_edmund
D:6:      layout_gridville, xom_butterflies, minmay_misc_feat_rows,
          chequers_serial_rivers_micro_e, minmay_checkerbox
D:7:      layout_basic, minitemple, minmay_temple_entry_antechambers,
          grunt_ogre_cave
D:8:      layout_loops_cross, chequers_serial_rivers_small_b,
          chequers_serial_rivers_small_a, nicolae_specific_store, uniq_grum,
          uniq_gastronok

Skill      XL: |  1  2  3  4  5  6  7  8  9 |
---------------+----------------------------+-----
Spellcasting   | 3 4 |  4.0
Conjurations   | 2 3 4 6 7 |  7.9
Fire Magic     | 4 5 6 7 |  7.9
Fighting       | 2 4 5 |  5.0
Dodging        | 2 3 |  3.0
Translocations | 3 4 |  4.9
Stealth        | |  1.7

Action                     |  1- 3 |  4- 6 |  7- 9 || total
---------------------------+-------+-------+-------++-------
  Melee: Spear             |   100 |    33 |       ||   133
         Hand axe          |     4 |       |       ||     4
         Tailslap          |     4 |    19 |    14 ||    37
         Dagger            |       |    90 |    50 ||   140
         Punch             |       |       |     1 ||     1
   Cast: Scorch            |       |    35 |   111 ||   146
         Flame Wave        |       |       |     8 ||     8
Ability: Breathe Noxious F |       |       |     9 ||     9
  Evoke: Wand              |       |     9 |     2 ||    11
    Use: Potion            |       |     3 |       ||     3
         Scroll            |       |     9 |     4 ||    13
   Stab: Sleeping          |    14 |     1 |     1 ||    16
         Distracted        |       |     2 |       ||     2
         Confused          |       |       |     2 ||     2
 Armour: Skin              |    25 |    52 |    40 ||   117
  Dodge: Dodged            |    37 |    81 |    47 ||   165
